 Dungeon Crawl Stone Soup version 0.31-a0-355-g57cb03d3e8 (webtiles) character file.

Game seed: 12946497320359088817

31 Newt the Trooper (level 3, 0/23 (31) HPs)
             Began as a Draconian Shapeshifter on July 24, 2023.
             Killed by divine providence
             ... invoked by an orc priest
              (11 damage)
             ... on level 3 of the Dungeon.
             The game lasted 00:00:48 (1060 turns).

Newt the Trooper (Draconian Shapeshifter)           Turns: 1060, Time: 00:00:49

HP:   0/23 (31)     AC:  5    Str: 19    XL:     3   Next: 7%
MP:   3/3           EV: 12    Int:  8    God:
Gold: 55            SH:  0    Dex: 11    Spells: 2/2 levels left

rFire   . .          .
                       - Unarmed
rCold   . . .        (no shield)
rNeg    . . .        (body armour unavailable)
rPois   .            (helmet currently unavailable)
rElec   .            (cloak currently unavailable)
rCorr   .            (gloves currently unavailable)
SInv    .            (boots currently unavailable)
Will    .....        (no amulet)
Stlth   +            (no ring)
HPRegen 0.23/turn    (no ring)
MPRegen 0.08/turn

%: no passive effects
@: beast-form, very heavily drained
A: beast (slay +2), AC +5, unfitting armour, cold-blooded
a: Begin Untransformation


You were on level 3 of the Dungeon.
You were a hulking beast.
You visited 1 branch of the dungeon, and saw 3 of its levels.

You collected 55 gold pieces.

Inventory:

Jewellery
 c - a ring of poison resistance
Talismans
 b - a beast talisman
Scrolls
 e - a scroll of summoning {unknown}
 f - a scroll of fog {unknown}
Potions
 a - 2 potions of lignification
 d - a potion of haste {unknown}
 g - a potion of curing


   Skills:
 + Level 3.4 Fighting
 - Level 1.7 Dodging
 - Level 3.0 Unarmed Combat
 - Level 3.0 Shapeshifting


You had 2 spell levels left.
You didn't know any spells.
Your spell library contained the following spells:

 Spells                   Type           Power      Damage    Failure   Level
 Wereblood                Tmut           0%         N/A       54%         2
 Ozocubu's Armour         Ice            0%         N/A       78%         3
 Irradiate                Conj/Tmut      0%         3d11      100%        5
 Ozocubu's Refrigeration  Ice            0%         4d7       100%        7


Dungeon Overview and Level Annotations

Branches:
Dungeon (2/15)

Altars:


Innate Abilities, Weirdness & Mutations

You are a hulking beast.
Your limbs bulge with bestial killing power. (Slay +2)
Your plain brown scales are hard. (AC +5)
You cannot fit into any form of body armour.
You are cold-blooded and may be slowed by cold attacks.


Message History

Your experience leads to an increase in your attributes!
Increase (S)trength, (I)ntelligence, or (D)exterity?
You feel stronger. x2; Your scales feel tougher.
Something hits you but does no damage.
You feel drained.
You barely miss the orc. Something hits you.
You feel drained. The orc hits you with a +0 flail.
You hit the orc.
The orc is lightly wounded.
You hear some strange, mumbled words.
You are confused.
The orc barely misses you.
You closely miss something.
You hear some strange, mumbled words.
A puff of flame appears from out of thin air!
The puff of flame hits you. The orc barely misses you.
You bump into the rock wall.
Something hits you.
You feel drained. The orc hits you with a +0 flail.
You miss the orc.
The orc is lightly wounded.
It was a potion of curing.
You feel better. Something hits you.
You feel drained.
You hit the orc.
Your tail-slap misses the orc.
The orc is heavily wounded.
Something hits you but does no damage.
You feel drained. The orc hits you with a +0 flail.
The orc priest looks satisfied for a moment.
You hit the orc.
You kill the orc!
Something hits you.
You feel drained.
You closely miss the orc priest. Something hits you.
You feel drained. The orc priest barely misses you.
You hit the orc priest.
The orc priest is lightly wounded.
Something hits you.
You feel drained. The orc priest hits you with a +0 club.
You hit the orc priest.
The orc priest is heavily wounded.
Something hits you.
You feel drained.
The orc priest invokes the aid of Beogh against you.
Beogh smites you!
You die...

######### #.......#
#.......#
####.........
#.......##.##
#.......##.## .
#.......##..# ...
#.......h##o##.....
#.......{o#)o......
#.......#..#.......
######..##.#.......
##..#.....)...
##..##....... #.
....... #. #......
.. .#.###


You could see an orc priest.

Vanquished Creatures
  An adder (D:3)
  2 orcs (D:3)
  2 bats
  A hobgoblin (D:1)
  7 jackals
  A kobold (D:3)
  A quokka (D:1)
  2 rats (D:1)
17 creatures vanquished.

Notes
Turn   | Place    | Note
-------+----------+-------------------------------------------
     0 | D:1      | Newt the Draconian Shapeshifter began the quest for the
                  | Orb.
     0 | D:1      | Reached XP level 1. HP: 16/16 MP: 1/1
   192 | D:1      | Reached XP level 2. HP: 25/25 MP: 2/2
  1016 | D:2      | You fall into a shaft and drop 1 floor!
  1046 | D:3      | Reached XP level 3. HP: 27/31 MP: 3/3
  1060 | D:3      | Killed from afar by an orc priest

Illustrated notes

Levels and vault maps discovered:
D:1:      spicycebolla_green_bress_n_ham_2, layout_loops_corners,
          minmay_fountain_box
D:2:      layout_basic, chequers_serial_rivers_micro_c, chequers_mini_garden,
          minmay_indecisive_spiral
D:3:      layout_rooms, hangedman_decor_points, minmay_ruptured, uniq_sigmund

Skill      XL: |  1  2 |
---------------+-------+-----
Fighting       | 2 3 |  3.4
Dodging        | |  1.7
Unarmed Combat | |  3.0
Shapeshifting  | |  3.0

Action                     || total
---------------------------++-------
  Melee: Unarmed           ||    54
         Tailslap          ||     5
         Punch             ||     3
    Use: Potion            ||     1
   Stab: Sleeping          ||     1
 Armour: Skin              ||    15
  Dodge: Dodged            ||    37

Table legend: (Time is in decaauts)
 A = Elapsed time spent in this place.
 B = Non-inter-level travel time spent in this place.
 C = Inter-level travel time spent in this place.
 D = Time resting spent in this place.
 E = Time spent auto-exploring this place.
 F = Levels seen in this place.
 G = Mean time per level.
                   A        B        C        D        E       F      G
               +--------+--------+--------+--------+--------+-----+--------+
         Total |   1058 |   1048 |     10 |      0 |    926 |   3 |  352.7 |
       Dungeon |   1058 |   1048 |     10 |      0 |    926 |   3 |  352.7 |
               +--------+--------+--------+--------+--------+-----+--------+

Top non-repeatable levels by time:
     D:1: 814 daAuts
     D:2: 201 daAuts
     D:3: 42 daAuts
